 Dungeon Crawl Stone Soup version 0.26-a0-537-g96b2eae49b (webtiles) character file.

Game seed: 9631655522614562822

4302 MrRokkomies the Quickloader (level 9, -4/80 HPs)
             Began as a Demigod Wanderer on Aug 14, 2020.
             Slain by a cyclops (23 damage)
             ... on level 7 of the Dungeon.
             The game lasted 00:11:02 (7611 turns).

MrRokkomies the Quickloader (Demigod Wanderer)      Turns: 7611, Time: 00:11:03

Health: -4/80      AC: 12    Str: 18    XL:     9   Next: 86%
Magic:  11/11      EV:  8    Int: 25    God:
Gold:   404        SH:  5    Dex: 15    Spells: 8/8 levels left

rFire    + + .     SeeInvis .   b - +1 great sword (freeze)
rCold    + . .     Faith    .   (shield currently unavailable)
rNeg     . . .     Spirit   .   m - +0 chain mail
rPois    .         Reflect  +   o - +1 helmet
rElec    .         Harm     .   v - scarf {rC+ rF+}
rCorr    .                      (no gloves)
MR       .....                  (no boots)
Stlth    ..........             n - amulet of reflection
HPRegen  0.23/turn              f - ring of protection from fire
MPRegen  0.12/turn              r - +6 ring of intelligence

@: no status effects
A: high mp 1
a: no special abilities


You were on level 7 of the Dungeon.
You visited 1 branch of the dungeon, and saw 7 of its levels.

You collected 404 gold pieces.

Inventory:

Hand Weapons
 a - a +4 hand crossbow
 b - a +1 great sword of freezing (weapon)
 i - a +1 dagger of venom
Armour
 m - a +0 chain mail (worn)
 o - a +1 helmet (worn)
 v - a scarf of resistance (worn)
Jewellery
 f - a ring of protection from fire (left hand)
 n - an amulet of reflection (around neck)
 r - a +6 ring of intelligence (right hand)
Wands
 c - a wand of digging (4)
 j - a wand of acid (8)
 s - a wand of random effects (19)
Scrolls
 p - a scroll of magic mapping
 t - 3 scrolls of identify
 w - 2 scrolls of remove curse
 x - a scroll of amnesia
Potions
 e - 3 potions of flight
 g - 2 potions of brilliance
 k - 3 potions of berserk rage
 l - 4 potions of stabbing
 u - a potion of lignification


   Skills:
 + Level 7.7 Fighting
 * Level 6.0 Long Blades
   Level 1.0 Bows
 * Level 8.3 Crossbows
 - Level 1.0 Throwing
 + Level 5.2 Armour
 - Level 2.0 Dodging
   Level 1.0 Shields


You had 8 spell levels left.
You didn't know any spells.
Your spell library contained the following spells:

 Spells                   Type           Power        Failure   Level
 Shock                    Conj/Air       #...         85%         1
 Swiftness                Air            #.......     94%         2
 Static Discharge         Conj/Air       #.......     99%         3
 Airstrike                Air            #.........   100%        4
 Lightning Bolt           Conj/Air       #.........   100%        5


Dungeon Overview and Level Annotations

Branches:
Dungeon (7/15)             Temple (0/1) D:6


Innate Abilities, Weirdness & Mutations

You have an increased reservoir of magic. (+10% MP)


Message History

You slash the cyclops! You freeze the cyclops!
The cyclops is heavily wounded.
The cyclops hits you.
You hit the cyclops but do no damage.
The cyclops is heavily wounded.
The cyclops hits you.
You hit the cyclops. You freeze the cyclops.
The cyclops is severely wounded.
The cyclops hits you!!
You are too injured to fight recklessly!
You are too injured to fight recklessly!
You are too injured to fight recklessly!
You slash the cyclops! You freeze the cyclops.
The cyclops is almost dead.
The cyclops hits you!!
* * * LOW HITPOINT WARNING * * *
You hit the cyclops. You freeze the cyclops.
The cyclops is almost dead.
The cyclops hits you!!
You die...

### ####.#
#.C.<# #@#(.#
#.#..# #.#..#
#.#..# #.#..#
#.#..# #.#.C# ..
#.....#######...
###........zz...


You could see a cyclops.

Vanquished Creatures
  Harold (D:7)
  A hippogriff (D:7)
  3 yaks
  A steam dragon (D:7)
  A sky beast (D:7)
  3 orc warriors
  A black bear (D:6)
  A necrophage (D:6)
  2 ogres
  A phantom (D:7)
  3 centaurs
  4 bullfrogs
  2 scorpions
  9 wights
  3 electric eels (D:6)
  A howler monkey (D:4)
  A quasit (D:7)
  A bullfrog zombie (D:7)
  4 hounds
  2 bullfrog skeletons
  3 orc priests
  5 orc wizards
  2 iguanas
  Terence (D:3)
  5 worker ants
  A hound zombie (D:7)
  A howler monkey zombie (D:7)
  6 adders
  9 gnolls
  A howler monkey skeleton (D:5)
  A white imp (D:6)
  A worm (D:3)
  6 dart slugs
  3 leopard geckos
  18 orcs
  6 giant cockroaches
  5 hobgoblins
  4 jackals
  4 quokkas
  4 ball pythons
  7 bats
  6 frilled lizards
  6 goblins
  11 kobolds
  8 rats
169 creatures vanquished.

Vanquished Creatures (others)
  A quokka (D:6)
1 creature vanquished.

Grand Total: 170 creatures vanquished

Notes
Turn   | Place    | Note
-------+----------+-------------------------------------------
     0 | D:1      | MrRokkomies the Demigod Wanderer began the quest for the
                  | Orb.
     0 | D:1      | MrRokkomies set off with the following items: a +2 hand
                  | crossbow, 24 bolts, a +0 ring mail, a potion of curing
     0 | D:1      | Reached XP level 1. HP: 19/19 MP: 3/3
    15 | D:1      | Reached skill level 2 in Crossbows
    20 | D:1      | Reached XP level 2. HP: 27/27 MP: 4/4
   544 | D:2      | Reached XP level 3. HP: 31/33 MP: 5/5
   603 | D:2      | Reached skill level 1 in Dodging
   985 | D:2      | Reached XP level 4. HP: 41/41 MP: 6/6
  1097 | D:2      | Found a glowing silver altar of Zin.
  1100 | D:2      | Found a blossoming altar of Fedhas.
  1100 | D:2      | Found an opulent altar of Gozag.
  1192 | D:2      | Reached skill level 3 in Crossbows
  2068 | D:3      | Noticed Terence
  2075 | D:3      | Killed Terence
  2075 | D:3      | Reached XP level 5. HP: 41/47 MP: 7/7
  2328 | D:3      | Found a faded altar of an unknown god.
  3269 | D:4      | Reached skill level 5 in Fighting
  3591 | D:4      | Reached skill level 4 in Crossbows
  3591 | D:4      | Reached XP level 6. HP: 55/56 MP: 8/8
  4623 | D:5      | Entered Level 5 of the Dungeon
  4642 | D:5      | Reached XP level 7. HP: 53/62 MP: 9/9
  4830 | D:5      | Reached skill level 5 in Crossbows
  4848 | D:5      | Found a sacrificial altar of Ru.
  4848 | D:5      | Found a shadowy altar of Dithmenos.
  4905 | D:5      | Found a shattered altar of Ashenzari.
  5283 | D:6      | Reached skill level 1 in Long Blades
  5353 | D:6      | Reached XP level 8. HP: 63/71 MP: 10/10
  5472 | D:6      | Found a white marble altar of Elyvilon.
  5492 | D:6      | Reached skill level 6 in Crossbows
  5526 | D:6      | Found a staircase to the Ecumenical Temple.
  6577 | D:7      | Noticed a hippogriff
  6592 | D:7      | Killed a hippogriff
  6592 | D:7      | Reached skill level 7 in Crossbows
  6593 | D:7      | Reached XP level 9. HP: 25/79 MP: 11/11
  7284 | D:7      | Reached skill level 5 in Long Blades
  7358 | D:7      | Noticed Harold
  7449 | D:7      | Killed Harold
  7449 | D:7      | Reached skill level 8 in Crossbows
  7449 | D:7      | Reached skill level 5 in Armour
  7593 | D:7      | Noticed a cyclops
  7611 | D:7      | Slain by a cyclops

Illustrated notes

Levels and vault maps discovered:
D:1:      dpeg_arrival_shelter, layout_rooms
D:2:      layout_basic, chequers_temple_overflow_statue_of_worship
D:3:      layout_loops_corners, chequers_ecumenical_altar_simple, uniq_terence
D:4:      layout_basic
D:5:      kennysheep_big_flooded_room, layout_rooms,
          gammafunk_temple_overflow_claw
D:6:      layout_cave_pools, elyvilon_altar_4,
          minmay_temple_entry_statues_pillars, minmay_misc_feat_tiny,
          serial_bayou_lake_a
D:7:      minmay_the_grid_octo_tiled_squarecenter
          [minmay_the_grid_octo_checkerflower,
          minmay_the_grid_octo_vomiting_pacman,
          minmay_the_grid_octo_thin_diamonds, minmay_the_grid_octo_fat_diamond,
          minmay_the_grid_square_5x5_megaprize_open,
          minmay_the_grid_square_5x5_six, minmay_the_grid_square_5x5_empty,
          minmay_the_grid_square_5x5_bridge, minmay_the_grid_square_5x5_comb],
          layout_basic, hangedman_minor_gate_pass, uniq_harold

Skill      XL: |  1  2  3  4  5  6  7  8  9 |
---------------+----------------------------+-----
Crossbows      | 2 3 4 5 7 8 |  8.3
Fighting       | 4 5 6 7 |  7.7
Dodging        | 1 2 |  2.0
Armour         | 2 3 4 5 |  5.2
Long Blades    | 1 4 6 |  6.0
Bows           | |  1.0
Throwing       | |  1.0
Shields        | |  1.0

Action                   |  1- 3 |  4- 6 |  7- 9 || total
-------------------------+-------+-------+-------++-------
Melee: Dagger            |    32 |   228 |    36 ||   296
       Great sword       |       |       |    67 ||    67
 Fire: Hand crossbow     |    39 |    14 |   185 ||   238
Evoke: Wand              |       |       |     5 ||     5
  Use: Scroll            |     1 |    12 |     5 ||    18
       Potion            |       |       |     4 ||     4
Armor: Ring mail         |    16 |    25 |       ||    41
       Chain mail        |       |    72 |   126 ||   198
Dodge: Dodged            |    20 |   100 |    87 ||   207
Block: Other             |       |    34 |    57 ||    91
       Reflection        |       |     2 |     8 ||    10
       Rpst.: Great sword |       |       |     6 ||     6

Table legend: (Time is in decaauts)
 A = Elapsed time spent in this place.
 B = Non-inter-level travel time spent in this place.
 C = Inter-level travel time spent in this place.
 D = Time resting spent in this place.
 E = Time spent auto-exploring this place.
 F = Levels seen in this place.
 G = Mean time per level.
                   A        B        C        D        E       F      G
               +--------+--------+--------+--------+--------+-----+--------+
         Total |   7711 |   7542 |    169 |    952 |   5341 |   7 | 1101.6 |
       Dungeon |   7711 |   7542 |    169 |    952 |   5341 |   7 | 1101.6 |
               +--------+--------+--------+--------+--------+-----+--------+

Top non-repeatable levels by time:
     D:7: 1434 daAuts
     D:4: 1387 daAuts
     D:3: 1332 daAuts
     D:2: 1177 daAuts
     D:6: 972 daAuts
     D:1: 737 daAuts
     D:5: 669 daAuts
